 Dungeon Crawl Stone Soup version 0.19-a0-36-g4a0968a (webtiles) character file.

135 M4edhros the Sneak (level 5, -3/31 HPs)
             Began as an Octopode Necromancer on May 3, 2016.
             Splashed by a jelly's acid (8 damage)
             ... on level 5 of the Dungeon.
             The game lasted 00:03:47 (588 turns).

M4edhros the Sneak (Octopode Necromancer)            Turns: 588, Time: 00:03:48

Health: -3/31      AC:  3    Str:  7    XL:     5   Next: 18%
Magic:  2/8        EV: 12    Int: 18    God:
Gold:   71         SH:  0    Dex: 13    Spells: 3 memorised, 3 levels left

rFire  . . .     SeeInvis .     c - +1 dagger (venom)
rCold  . . .     Gourm    .     (no shield)
rNeg   . . .     Faith    .     (helmet restricted)
rPois  .         Spirit   .     (no amulet)
rElec  .         Dismiss  .     e - +2 ring of protection
rCorr  .         Reflect  .     l - ring of loudness (curse)
SustAt .         Harm     .     (no ring)
MR     .....                    (no ring)
Stlth  +++.......               (no ring)
                                (no ring)
                                (no ring)
                                (no ring)

@: lethally poisoned (-3 -> -3), very slightly contaminated, regenerating, not
resistant to hostile enchantments, fairly stealthy
A: almost no armour, amphibious, 8 rings, constrict 8, camouflage 1, gelatinous
body 1
a: no special abilities


You were on level 5 of the Dungeon.
You were not hungry.

You visited 1 branch of the dungeon, and saw 5 of its levels.

You collected 71 gold pieces.

Inventory:

Hand Weapons
 c - a +1 dagger of venom (weapon)
Jewellery
 e - a +2 ring of protection (left tentacle)
 l - a cursed ring of loudness (right tentacle)
Scrolls
 f - a scroll of random uselessness {unknown}
 k - a scroll of immolation {unknown}
Potions
 h - 2 potions of curing
 i - a potion of flight
Books
 a - a book of Necromancy

   Spells                             Type                      Level
   a - Pain                           Necromancy                   1
   b - Animate Skeleton               Necromancy                   1
   c - Vampiric Draining              Necromancy                   3
   d - Regeneration                   Charms/Necromancy            3
   e - Animate Dead                   Necromancy                   4
   f - Control Undead                 Necromancy                   4
Comestibles
 b - 2 bread rations
 g - 3 chunks of flesh


   Skills:
 - Level 2.0 Dodging
 + Level 5.2 Stealth
 + Level 3.4 Unarmed Combat
 - Level 2.0 Spellcasting
 - Level 4.0 Necromancy


You had 3 spell levels left.
You knew the following spells:

 Your Spells              Type           Power        Failure   Level  Hunger
a - Pain                  Necr           ###.         3%          1    #......
b - Animate Skeleton      Necr           N/A          3%          1    #......
r - Regeneration          Chrm/Necr      #.........   24%         3    ###....


Dungeon Overview and Level Annotations

Branches:
Dungeon (5/15)
 Temple: D:4-7

Altars:
Nemelex Xobeh
Ru
Trog


Innate Abilities, Weirdness & Mutations

You cannot wear most types of armour.
You are amphibious.
You can wear up to eight rings at the same time.
You can use your tentacles to constrict eight enemies at once.
Your skin changes colour to match your surroundings (Stealth).
Your rubbery body absorbs attacks (AC +1).


Message History

Drink which item? (? for menu, Esc to quit)
Okay, then.
Your skin stops crawling.
An adder comes into view.
The adder bites you.
* * * LOW HITPOINT WARNING * * *
You are poisoned.
The adder poisons you!
Casting: Regeneration
Confirm with . or Enter, or press ? or * to list all spells.
You miscast Regeneration.
You are very lightly contaminated with residual magic.
Strange energies run through your body.
You feel sick. The adder bites you.
* * * LOW HITPOINT WARNING * * *
Casting: Regeneration
Confirm with . or Enter, or press ? or * to list all spells.
Your skin crawls.
The adder bites you but does no damage. The jelly hits you.
* * * LOW HITPOINT WARNING * * *
You are splashed with acid!
The acid burns!
You die...

#####...#
.......###
.####.......#
......>.....# #
.# #.......#
#.#####.
####....###
#.#......
.........####
#.....#.#
#######.....#
#.S@#######
#####.#
##.J......# #.#
#........# #.#
#........# #.#
#........# #.#
####........#
#.#
###...........#
#.#
.............#
#.#
###....##.#####
####.#


You could see a jelly and an adder.

Vanquished Creatures
  A crimson imp (D:5)
  A hound (D:4)
  A worker ant (D:5)
  2 adders
  An ooze (D:3)
  An adder skeleton (D:5)
  A dart slug (D:2)
  A giant gecko (D:5)
  3 giant cockroaches
  4 hobgoblins
  3 jackals (D:3)
  A kobold (D:1)
  A quokka (D:5)
  2 bats
  A giant newt (D:1)
  A goblin (D:1)
  2 rats
27 creatures vanquished.

Vanquished Creatures (collateral kills)
  2 giant gecko skeletons
  A rat (D:3)
3 creatures vanquished.

Grand Total: 30 creatures vanquished

Notes
Turn   | Place    | Note
--------------------------------------------------------------
     0 | D:1      | M4edhros the Octopode Necromancer began the quest for the Orb.
     0 | D:1      | Reached XP level 1. HP: 11/11 MP: 3/3
    41 | D:1      | Learned a level 1 spell: Animate Skeleton
    66 | D:1      | Reached skill level 1 in Unarmed Combat
   123 | D:2      | Reached XP level 2. HP: 17/17 MP: 5/5
   161 | D:2      | Reached skill level 3 in Stealth
   207 | D:3      | Found a sacrificial altar of Ru.
   243 | D:3      | Reached XP level 3. HP: 14/21 MP: 6/6
   265 | D:4      | Found a sparkling altar of Nemelex Xobeh.
   275 | D:4      | Learned a level 3 spell: Regeneration
   288 | D:4      | Found a bloodstained altar of Trog.
   320 | D:4      | Reached skill level 4 in Stealth
   320 | D:4      | Reached XP level 4. HP: 14/27 MP: 3/7
   361 | D:5      | Entered Level 5 of the Dungeon
   460 | D:5      | Reached skill level 5 in Stealth
   460 | D:5      | Reached XP level 5. HP: 29/31 MP: 3/8
   588 | D:5      | Splashed by a jelly's acid

Vault maps used:
D:1:      mrwooster_arrival_statue_2, minmay_misc_feat_ornament
D:3:      kennysheep_six_static_rooms, nicolae_overflow_crystal_walls,
          nicolae_ru_awakened_eye, first_bread, nrook_mini_backslash
D:4:      lemuel_doored_altar, nemelex_xobeh_ov_fountains_minmay,
          kennysheep_okawaru_gauntlet, lemuel_crystal_altar,
          trog_three_pillars_becter

Skill      XL: |  1  2  3  4 |
---------------+-------------+-----
Unarmed Combat | 1 2 3 |  3.4
Stealth        | 3 4 5 |  5.2
Dodging        | |  2.0
Spellcasting   | |  2.0
Necromancy     | |  4.0

Action                   |  1- 3 |  4- 6 || total
-------------------------+-------+-------++-------
Melee: Dagger            |    34 |    22 ||    56
       Constrict         |    10 |     4 ||    14
       Tentacles         |     4 |     6 ||    10
       Punch             |     2 |       ||     2
 Cast: Animate Skeleton  |     6 |     2 ||     8
       Regeneration      |     1 |     5 ||     6
  Use: Scroll            |       |     3 ||     3
 Stab: Sleeping          |     8 |     3 ||    11
       Distracted        |     1 |       ||     1
Armor: Skin              |     3 |     4 ||     7
Dodge: Dodged            |    15 |     9 ||    24
